AoeStats
← Bobbmon

MegaRandom

506218688Analyzed
2v2 RM · 20d ago on Sep 12, 2026· 51m 42s· 4 players
Game mode
Random Map
Map size
Medium (4 player)
Population
200
Speed
Normal
Resources
Standard
Victory
Conquest
Starting age
Dark Age
Ending age
Imperial Age
RankedLock teamsTeams togetherTeam positionsShared explorationLock speedFull tech treeHidden civsTurbo modeCheats
Victory
Defeat
🇩🇪 Magyars · Germany
1364
+17
🇩🇪 Hindustanis · Germany
1363
+17
🇸🇪 Saracens · Sweden
1461
-20
🇸🇪 Armenians · Sweden
1314
-14
[ITCL] Atombionic
7:12 Loom
10:05 Feudal Age
14:41 Castle Age
14:10 Double-Bit Axe
17:29 Fletching
24:00 Bodkin Arrow
24:06 Padded Archer Armor
24:36 Husbandry
25:53 Bloodlines
25:41 Horse Collar
28:52 Wheelbarrow
28:59 Wheelbarrow
30:28 Hand Cart
33:02 Imperial Age
32:07 Stone Mining
32:10 Gold Mining
34:43 Chemistry
34:19 Shatagni
34:39 Conscription
35:11 Leather Archer Armor
37:05 Ring Archer Armor
37:27 Ballistics
37:45 Siege Engineers
37:51 Siege Engineers
37:53 Grand Trunk Road
38:05 Heavy Plow
40:30 Light Cavalry
41:21 Forging
41:17 Scale Barding Armor
41:26 Hussar
45:13 Iron Casting
44:58 Chain Barding Armor
46:41 Caravan
51:42 Siege Elephant
Umbra
5:34 Loom
9:40 Feudal Age
10:22 Double-Bit Axe
16:47 Horse Collar
24:28 Castle Age
22:44 Bloodlines
22:41 Scale Barding Armor
25:19 Bow Saw
25:12 Husbandry
25:35 Chain Barding Armor
28:33 Gold Mining
35:01 Gold Shaft Mining
34:17 Stone Mining
34:38 Light Cavalry
39:09 Imperial Age
38:37 Wheelbarrow
38:41 Fletching
40:35 Plate Barding Armor
40:02 Heavy Plow
41:10 Two-Man Saw
42:10 Hand Cart
42:47 Corvinian Army
43:23 Hoardings
43:09 Conscription
44:40 Elite Magyar Huszar
48:45 Bodkin Arrow
48:23 Hussar
50:49 Bracer
Bobbmon
6:28 Loom
9:31 Feudal Age
12:32 Man-at-Arms
16:13 Scale Mail Armor
19:29 Double-Bit Axe
20:10 Fletching
21:38 Padded Archer Armor
22:43 Horse Collar
26:45 Castle Age
26:51 Wheelbarrow
26:23 Gold Mining
27:13 Pikeman
28:30 Squires
28:44 Elite Skirmisher
30:38 Forging
32:19 Hand Cart
33:46 Leather Archer Armor
35:23 Bow Saw
39:34 Imperial Age
37:45 Town Watch
39:25 Gold Shaft Mining
38:41 Stone Mining
39:00 Heavy Plow
40:37 Halberdier
41:15 Bodkin Arrow
41:50 Ring Archer Armor
42:00 Ballistics
42:11 Chain Mail Armor
43:43 Iron Casting
43:09 Bracer
45:31 Chemistry
45:05 Plate Mail Armor
48:47 Blast Furnace
48:04 Long Swordsman
48:30 Gambesons
49:46 Conscription
49:30 Murder Holes
banana panin
3:14 Loom
7:16 Loom
9:43 Feudal Age
10:44 Double-Bit Axe
12:13 Horse Collar
14:58 Wheelbarrow
17:55 Castle Age
19:29 Bow Saw
19:29 Heavy Plow
27:55 Gold Mining
30:00 Scale Barding Armor
30:12 Bloodlines
30:11 Fletching
33:11 Bodkin Arrow
36:00 Imperial Age
35:46 Chain Barding Armor
36:46 Forging
37:31 Plate Barding Armor
37:50 Conscription
38:08 Bodkin Arrow
39:18 Chemistry
39:07 Gold Shaft Mining
38:22 Stone Mining
39:11 Husbandry
38:40 Elite Mameluke
40:45 Iron Casting
40:53 Padded Archer Armor
41:06 Bracer
43:11 Light Cavalry
45:11 Blast Furnace
44:49 Hussar
46:35 Heavy Camel Rider
49:53 Hand Cart
Connection lost

Rejoining the realm…

Still unreachable

The connection could not be restored.

Session expired

The server has moved on; the page needs a fresh start.